 Dungeon Crawl Stone Soup version 0.29-a0-919-gd064cfad1c (webtiles) character file.

Game seed: 921692568537602239

44 xian the Charlatan (level 3, 0/18 HPs)
             Began as a Vine Stalker Artificer on July 27, 2022.
             Slain by an orc
             ... wielding a +0 trident of flaming
              (1 damage)
             ... on level 2 of the Dungeon.
             The game lasted 00:06:19 (2150 turns).

xian the Charlatan (Vine Stalker Artificer)         Turns: 2150, Time: 00:06:20

Health: 0/18       AC:  6    Str: 16    XL:     3   Next: 60%
Magic:  0/4        EV:  9    Int: 11    God:
Gold:   102        SH:  0    Dex: 14    Spells: 2/2 levels left

rFire   . . .      SeeInvis .     - Unarmed
rCold   . . .      Faith    .   (no shield)
rNeg    . . .      Spirit   +   h - +0 scale mail
rPois   .          Reflect  .   (no helmet)
rElec   .          Harm     .   (no cloak)
rCorr   .          Rampage  .   (no gloves)
Will    +....                   (no boots)
Stlth   ..........              (no amulet)
HPRegen 0.06/turn               n - ring of willpower
MPRegen 0.09/turn               (no ring)

@: no status effects
A: fangs 2, magic shield, antimagic bite, no potion heal 2
a: no special abilities


You were on level 2 of the Dungeon.
You visited 1 branch of the dungeon, and saw 2 of its levels.

You collected 102 gold pieces.

Inventory:

Hand Weapons
 a - a +0 club
Missiles
 k - 2 boomerangs (quivered)
Armour
 b - a +0 leather armour
 h - a +0 scale mail (worn)
Jewellery
 n - a ring of willpower (left hand)
Wands
 c - a wand of flame (15)
 d - a wand of charming (15)
 e - a wand of iceblast (9)
Scrolls
 i - a scroll of vulnerability {unknown}
Potions
 f - a potion of heal wounds {unknown}
 g - a potion of brilliance {unknown}
 j - a potion of berserk rage {unknown}
 l - 2 potions of curing {unknown}
 m - a potion of lignification {unknown}


   Skills:
 + Level 1.0 Fighting
 + Level 2.1 Armour
 + Level 1.0 Dodging
 * Level 1.4 Stealth
 * Level 1.5 Unarmed Combat
 * Level 3.1 Evocations


You had 2 spell levels left.
You didn't know any spells.
Your spell library contained the following spells:

 Spells                   Type           Power      Damage    Failure   Level
 Stone Arrow              Conj/Erth      0%         3d7       98%         3
 Animate Armour           Summ/Erth      0%         N/A       100%        4
 Lehudib's Crystal Spear  Conj/Erth      0%         10d2      100%        8


Dungeon Overview and Level Annotations

Branches:
Dungeon (2/15)

Altars:


Innate Abilities, Weirdness & Mutations

You have extremely sharp teeth.
When hurt, damage is shared between your health and your magic reserves.
Your bite disrupts and absorbs the magic of your enemies.
Potions cannot restore your health.


Message History

Found an escape hatch in the floor.
Found a stone staircase leading down.
A frilled lizard comes into view.
The frilled lizard hisses angrily.
You see here a +0 club.
The frilled lizard closely misses you.
You hit the frilled lizard.
You kill the frilled lizard!
You see here a frilled lizard corpse.
You see here 7 stones.
Found a spear.
n - a ring of willpower You open the door.
There is an open door here.
An orc comes into view. It is wielding a +0 trident of flaming.
Found a stone staircase leading down.
n - a ring of willpower (left hand)
The orc completely misses you.
You closely miss the orc.
The orc hits you with a +0 trident of flaming.
The orc burns you.
You hit the orc but do no damage. You bite the orc, but do no damage.
The orc hits you but does no damage.
You barely miss the orc. The orc misses you.
You barely miss the orc. You bite the orc. You drain its power.
You feel invigorated.
The orc is moderately wounded.
The orc hits you with a +0 trident of flaming!
The orc burns you.
You hit the orc but do no damage. You bite the orc. You drain its power.
You feel invigorated.
The orc is heavily wounded.
The orc hits you with a +0 trident of flaming.
* * * LOW HITPOINT WARNING * * *
The orc burns you.
* * * LOW HITPOINT WARNING * * *
The orc hits you from afar with a +0 trident of flaming.
* * * LOW HITPOINT WARNING * * *
The orc burns you.
You die...

###############
###########..............
......................... .##
......#####>................## ..
.......... #...@.o..........##..
.......... #.############.......
.......... #.#.........)........
.......... #.#..................
.†........ #.##....#...#........
.......... #..'.................
......##########....#...#.....#.#
<#..........# #........##.....#.#
##....^.....# #..................


You could see an orc.

Vanquished Creatures
  An adder (D:2)
  A worm (D:2)
  A dart slug (D:1)
  3 ball pythons
  4 bats (D:1)
  4 endoplasms
  A giant cockroach (D:1)
  3 goblins
  A hobgoblin (D:1)
  A quokka (D:1)
  2 frilled lizards
  3 kobolds (D:1)
  2 rats (D:1)
27 creatures vanquished.

Notes
Turn   | Place    | Note
-------+----------+-------------------------------------------
     0 | D:1      | xian the Vine Stalker Artificer began the quest for the
                  | Orb.
     0 | D:1      | Reached XP level 1. HP: 9/9 MP: 2/2
   679 | D:1      | Reached XP level 2. HP: 6/14 MP: 0/3
   884 | D:1      | Reached skill level 1 in Unarmed Combat
  1668 | D:1      | Reached skill level 1 in Dodging
  1696 | D:1      | Reached XP level 3. HP: 17/17 MP: 4/4
  1702 | D:1      | Reached skill level 1 in Fighting
  1879 | D:2      | Reached skill level 3 in Evocations
  2150 | D:2      | Slain by an orc

Illustrated notes

Levels and vault maps discovered:
D:1:      dpeg_arrival_water_fire, layout_basic
D:2:      layout_basic, serial_shops, nicolae_shop_statue_plus,
          uniq_crazy_yiuf_cottage

Skill      XL: |  1  2  3 |
---------------+----------+-----
Unarmed Combat | 1 |  1.5
Armour         | 2 |  2.1
Dodging        | 1 |  1.0
Fighting       | 1 |  1.0
Evocations     | 3 |  3.1
Stealth        | |  1.4

Action                   || total
-------------------------++-------
Melee: Unarmed           ||   117
       Bite              ||    29
       Punch             ||     2
       Club              ||     1
Throw: Boomerang         ||     5
Armor: Leather armour    ||    27
       Scale mail        ||    50
Dodge: Dodged            ||    95

Table legend: (Time is in decaauts)
 A = Elapsed time spent in this place.
 B = Non-inter-level travel time spent in this place.
 C = Inter-level travel time spent in this place.
 D = Time resting spent in this place.
 E = Time spent auto-exploring this place.
 F = Levels seen in this place.
 G = Mean time per level.
                   A        B        C        D        E       F      G
               +--------+--------+--------+--------+--------+-----+--------+
         Total |   2148 |   2137 |     11 |      0 |   1550 |   2 | 1074.0 |
       Dungeon |   2148 |   2137 |     11 |      0 |   1550 |   2 | 1074.0 |
               +--------+--------+--------+--------+--------+-----+--------+

Top non-repeatable levels by time:
     D:1: 1859 daAuts
     D:2: 289 daAuts
